 Dungeon Crawl Stone Soup version 0.28.0-49-g6dfe1f597d (webtiles) character file.

Game seed: 16503472287038697292

18 Kniotic the Insei (level 2, 0/21 HPs)
             Began as a Demonspawn Transmuter on May 10, 2022.
             Killed from afar by Terence (6 damage)
             ... with a puff of flame
             ... on level 2 of the Dungeon.
             The game lasted 00:00:59 (1119 turns).

Kniotic the Insei (Demonspawn Transmuter)           Turns: 1119, Time: 00:00:59

Health: 0/21       AC:  3    Str: 10    XL:     2   Next: 48%
Magic:  5/5        EV: 12    Int: 14    God:
Gold:   74         SH:  0    Dex: 13    Spells: 4/5 levels left

rFire   . . .      SeeInvis .     - Unarmed
rCold   . . .      Faith    .   (no shield)
rNeg    . . .      Spirit   .   a - +0 robe
rPois   .          Reflect  .   f - +0 helmet
rElec   .          Harm     .   (no cloak)
rCorr   .          Rampage  .   (no gloves)
Will    .....                   (no boots)
Stlth   +.........              (no amulet)
HPRegen 0.07/turn               (no ring)
MPRegen 0.09/turn               (no ring)

@: no status effects
A: weakness stinger 1
a: no special abilities


You were on level 2 of the Dungeon.
You visited 1 branch of the dungeon, and saw 2 of its levels.

You collected 74 gold pieces.

Inventory:

Missiles
 b - 2 throwing nets
Armour
 a - a +0 robe (worn)
 f - a +0 helmet (worn)
Scrolls
 d - a scroll of blinking {unknown}
 e - 3 scrolls of identify {unknown}
 g - a scroll of enchant weapon {unknown}
Potions
 c - a potion of flight {unknown}
 h - a potion of brilliance {unknown}


   Skills:
 - Level 1.0 Fighting
 - Level 1.7 Dodging
 + Level 3.5 Unarmed Combat
 - Level 2.0 Spellcasting
 - Level 1.7 Transmutations


You had 4 spell levels left.
You knew the following spells:

 Your Spells              Type           Power      Damage    Failure   Level
a - Beastly Appendage     Tmut           12%        N/A       12%         1

Your spell library contained the following spells:

 Spells                   Type           Power      Damage    Failure   Level
 Wereblood                Tmut           6%         N/A       17%         2
 Passwall                 Tmut/Erth      2%         N/A       26%         2
 Ensorcelled Hibernation  Hex/Ice        2%         N/A       34%         2
 Spider Form              Tmut/Pois      3%         N/A       45%         3
 Swiftness                Air            1%         N/A       56%         3
 Ice Form                 Ice/Tmut       3%         N/A       86%         4


Dungeon Overview and Level Annotations

Branches:
Dungeon (2/15)

Altars:

Annotations:
D:2 Terence


Innate Abilities, Weirdness & Mutations

You have a small tail.


Message History

No target in view!
No target in view!
You now have 62 gold pieces (gained 11).
Done exploring.
Done exploring.
No target in view!
Done exploring.
Done exploring.
There is a stone staircase leading down here.
You climb downwards.
Found 12 gold pieces and 17 stones.
There is a stone staircase leading up here.
Found a hand axe.
Found a stone staircase leading up.
You now have 74 gold pieces (gained 12).
Found a mace.
No target in view!
g - a scroll labelled FEINLO ISIBICW
Found a stone staircase leading down.
No target in view!
h - a bubbling grey potion
e - 3 scrolls labelled KOH TAOQUYNUR (gained 1)
Found 20 sling bullets.
No target in view!
Terence the Incautious comes into view.
He is wielding a +0 flail and carrying a wand of flame (16).
Found a small jade amulet and a scroll labelled JENGYC UVISA.
Terence shouts!
Terence is nearby!
Found an escape hatch in the ceiling.
Terence closely misses you.
You closely miss Terence. Terence hits you with a +0 flail!
You closely miss Terence.
Your tail-slap misses Terence.
Terence says, "Rest in peace."
Terence hits you with a +0 flail!
* * * LOW HITPOINT WARNING * * *
You are too injured to fight recklessly!
You are too injured to fight recklessly!
You are too injured to fight recklessly!
Terence zaps a wand.
The puff of flame hits you.
You die...

.......# #.##
.......# #.#
.......# #.#
....<### #.# .#
.)...# ###.# .# #
##...### #...#
##.#.# #..(..#
#..### ###...#.##
#.....##
#....####..(...".#
#..##..###
#..#@.#..........#
##..##....#
#.###.@.#........#
....####..##..#
##..#........#
.##..# #.<....#
####........# .
##..##....###
#.........
#.##.....#
#........<
..##.#....
#........#
#.##.#.#....
......?..#
.##.#.##...
...######..


You could see Terence.

Vanquished Creatures
  A dart slug (D:1)
  4 bats (D:1)
  A giant cockroach (D:1)
  2 goblins (D:1)
  3 kobolds (D:1)
  A quokka (D:1)
  3 ball pythons (D:1)
  2 rats (D:1)
17 creatures vanquished.

Notes
Turn   | Place    | Note
-------+----------+-------------------------------------------
     0 | D:1      | Kniotic the Demonspawn Transmuter began the quest for the
                  | Orb.
     0 | D:1      | Reached XP level 1. HP: 15/15 MP: 3/3
   153 | D:1      | Found a faded altar of an unknown god.
   173 | D:1      | Reached skill level 3 in Unarmed Combat
   422 | D:1      | Discovered your monstrous ancestry.
   422 | D:1      | Gained mutation: You have a small tail. [demonic ancestry]
   422 | D:1      | Reached XP level 2. HP: 15/21 MP: 5/5
  1107 | D:2      | Noticed Terence
  1119 | D:2      | Killed from afar by Terence

Illustrated notes

Levels and vault maps discovered:
D:1:      dpeg_arrival_long_road, layout_basic, basic_ecumenical_altar
D:2:      layout_rooms, uniq_terence

Skill      XL: |  1 |
---------------+----+-----
Unarmed Combat | 3 |  3.5
Fighting       | |  1.0
Dodging        | |  1.7
Spellcasting   | |  2.0
Transmutations | |  1.7

Action                   || total
-------------------------++-------
Melee: Unarmed           ||    51
       Kick              ||     1
       Headbutt          ||     1
       Tailslap          ||     3
 Cast: Beastly Appendage ||     2
Armor: Robe              ||    19
Dodge: Dodged            ||    46
